 Dungeon Crawl Stone Soup version 0.17-a0-1078-g243345b (webtiles) character file.

758597 inmateoo the Cloud Mage (level 27, -3/214 HPs)
             Began as a Tengu Monk on May 19, 2015.
             Was the Champion of Cheibriados.
             Slain by a phantasmal warrior (19 damage)
             ... while paralysed by a vampire knight
             ... on level 15 of a ziggurat.
             The game lasted 03:41:51 (67628 turns).

inmateoo the Cloud Mage (Tengu Monk)               Turns: 67628, Time: 03:41:52

Health: -3/214     AC: 52    Str: 23    XL:     27
Magic:  34/57      EV:  2    Int: 40    God:    Cheibriados [******]
Gold:   5193       SH:  0    Dex: 36    Spells: 12 memorised, 7 levels left

rFire  . . .     SeeInvis +       - Unarmed
rCold  + . .     Clarity  .     (armour currently unavailable)
rNeg   + + .     SustAb   +     i - +5 buckler of Pride {rCorr MP+9 Str-5 Stlth+}
rPois  ∞         Gourm    .     f - +3 crown of Dyrovepreva {rElec Int+2 SInv}
rElec  +         Spirit   .     y - +2 cloak of Starlight {rElec rC+ EV+4 Stlth--}
rCorr  +         Warding  +     (gloves currently unavailable)
rMut   .         Stasis   .     (boots unavailable)
MR     +....                    M - brooch of Shielding {Ward rN+ AC+4 EV+4}
Stlth  +++.......               F - ring of Intercession {SustAb Int+5 Stlth+}
                                (no ring)

@: paralysed, statue-form, stone skin, vulnerable, regenerating, studying
Dodging, drained, very slow, somewhat resistant to hostile enchantments, fairly
stealthy
A: beak, talons 3, able to fly 2
a: Fly, End Transformation, Bend Time, Temporal Distortion, Slouch, Step From
Time, Renounce Religion
}: 4/15 runes: serpentine, barnacled, slimy, silver


You were on level 15 of a ziggurat.
You worshipped Cheibriados.
Cheibriados was exalted by your worship.
You were very full.
You were a stone statue.
You visited 12 branches of the dungeon, and saw 63 of its levels.
You visited the Abyss 1 time.
You visited 1 bazaar.
You visited 1 ziggurat, and saw 15 of its levels.
You also visited: Labyrinth, Ossuary and Wizlab.

You collected 10978 gold pieces.
You spent 5785 gold pieces at shops.

Inventory:

Hand weapons
 g - the +9 Staff of Wucad Mu {channel}
   (You took it off a yaktaur captain on level 5 of the Vaults)
Missiles
 G - 12 throwing nets (quivered)
Armour
 f - the +3 crown of Dyrovepreva (worn) {rElec Int+2 SInv}
   (You found it on level 13 of a ziggurat)

   It affects your intelligence (+2).
   It insulates you from electricity.
   It lets you see invisible.
 i - the +5 buckler of Pride (worn) {rCorr MP+9 Str-5 Stlth+}
   (You acquired it on level 4 of the Orcish Mines)

   It affects your strength (-5).
   It affects your magic capacity (+9).
   It protects you from acid and corrosion.
   It makes you more stealthy.
 y - the +2 cloak of Starlight (worn) {rElec rC+ EV+4 Stlth--}
   (You acquired it on level 2 of the Elven Halls)

   It affects your evasion (+4).
   It protects you from cold.
   It insulates you from electricity.
   It makes you much less stealthy.
 A - a +2 pair of gloves (melded)
 Z - a +5 ring mail of fire resistance (melded)
Magical staves
 s - an uncursed staff of earth
 T - an uncursed staff of air
Jewellery
 F - the ring of Intercession (right hand) {SustAb Int+5 Stlth+}
   (You found it on level 6 of a ziggurat)

   [ring of sustain abilities]

   It sustains your strength, intelligence and dexterity.
   It affects your intelligence (+5).
   It makes you more stealthy.
 K - an uncursed amulet of resist mutation
 M - the brooch of Shielding (around neck) {Ward rN+ AC+4 EV+4}
   (You bought it in a shop on level 3 of the Elven Halls)

   [amulet of warding]

   It may prevent the melee attacks of summoned creatures.
   It affects your AC (+4).
   It affects your evasion (+4).
   It protects you from negative energy.
 P - the ring "Realupn" {rPois rC+ SInv}
   (You took it off an ancient champion on level 3 of the Crypt)

   [ring of see invisible]

   It protects you from cold.
   It protects you from poison.
   It lets you see invisible.
 R - an uncursed ring of protection from fire
 S - an uncursed ring of protection from magic
Magical devices
 a - a wand of digging (7)
 h - a wand of heal wounds (3)
 q - a wand of disintegration (5)
 z - a wand of teleportation (3)
 O - a wand of invisibility (2)
Scrolls
 c - 38 scrolls of remove curse
 e - 4 scrolls of magic mapping
 k - 6 scrolls of recharging
 n - 4 scrolls of identify
 x - 6 scrolls of summoning
 B - 20 scrolls of teleportation
 D - 9 scrolls of fog
 E - 10 scrolls of fear
 I - 2 scrolls of silence
 N - 7 scrolls of blinking
 Q - 4 scrolls of holy word
 W - 9 scrolls of enchant armour
Potions
 d - 2 potions of magic
 j - 11 potions of brilliance
 l - 2 potions of resistance
 r - 3 potions of agility
 v - 6 potions of might
 w - 24 potions of curing
 H - 2 potions of invisibility
 J - 8 potions of cancellation
 V - 4 potions of cure mutation
 X - 5 potions of heal wounds
Books
 m - a book of Annihilations {highlevel}

   This book is beyond your current level of understanding.

   Spells                             Type                      Level
   a - Poison Arrow                   Conjuration/Poison           6
   b - Chain Lightning                Conjuration/Air              8
   c - Lehudib's Crystal Spear        Conjuration/Earth            8
   d - Glaciate                       Conjuration/Ice              9
   e - Fire Storm                     Conjuration/Fire             9
 p - a Necronomicon {highlevel}

   This book is beyond your current level of understanding.

   Spells                             Type                      Level
   a - Haunt                          Necromancy/Summoning         7
   b - Borgnjor's Revivification      Necromancy                   8
   c - Death's Door                   Charms/Necromancy            8
   d - Necromutation                  Transmutation/Necromancy     8
 Y - a manual of Dodging
Miscellaneous
 u - a disc of storms
 C - a phial of floods
 U - a lamp of fire (inert)
Comestibles
 b - 38 bread rations
 o - 7 meat rations
 L - 49 fruits


   Skills:
 - Level 15.1(14.7) Fighting
   Level 9.1(8.7) Maces & Flails
 - Level 14.1(13.6) Armour
 - Level 20.5(20.0) Dodging
 - Level 2.0(1.6) Stealth
 - Level 6.0(5.6) Shields
 - Level 22.2(21.7) Unarmed Combat
 + Level 20.3(19.9) Spellcasting
 - Level 7.1(6.7) Hexes
 - Level 5.5(5.1) Translocations
 - Level 14.3(13.8) Transmutations
 * Level 23.9(23.4) Air Magic
 - Level 17.1(16.6) Earth Magic
 - Level 6.0(5.7) Invocations
 - Level 10.0(9.6) Evocations


You had 7 spell levels left.
You knew the following spells:

 Your Spells              Type           Power        Failure   Level  Hunger
a - Blade Hands           Trmt           ########..   1%          5    None
b - Passage of Golubria   Tloc           N/A          1%          4    None
c - Invisibility          Hex            #######.     8%          6    None
d - Blink                 Tloc           N/A          1%          2    None
e - Repel Missiles        Chrm/Air       ######       0%          2    None
f - Statue Form           Trmt/Erth      ########.    1%          6    None
h - Tornado               Air            ########..   6%          9    #####..
i - Iron Shot             Conj/Erth      #######...   3%          6    None
j - Shatter               Erth           ########..   54%         9    #####..
k - Stoneskin             Trmt/Erth      ########     0%          2    None
l - Regeneration          Chrm/Necr      #####.....   1%          3    None
m - Phase Shift           Tloc           ######....   1%          5    None


Dungeon Overview and Level Annotations

Branches:
Dungeon (15/15)            Temple (1/1) D:6            Lair (8/8) D:8
 Shoals (4/4) Lair:6        Snake (4/4) Lair:6        Slime (6/6) Lair:7
    Orc (4/4) D:10            Elf (3/3) Orc:4        Vaults (5/5) D:14
  Crypt (3/3) Vaults:3       Tomb (0/3) Crypt:3      Depths (5/5) D:15
    Zot (5/5) Depths:5

Altars:
Ashenzari
Cheibriados
Dithmenos
Elyvilon
Fedhas
Gozag
Kikubaaqudgha
Makhleb
Nemelex Xobeh
Okawaru
Qazlal
Ru
Sif Muna
Trog
Vehumet
Xom
Yredelemnul
Zin
The Shining One
Beogh

Shops:
D:9 [   D:15 !?   Orc:4 ??}!   Elf:3 =   Shoals:2 =   Shoals:4 }[
Snake:1 %}!:   Snake:4 !   Vaults:1 !(=(   Vaults:2 %   Vaults:4 }   Vaults:5 :
Depths:1 (

Portals:
Hell: Depths:1 Depths:2 Depths:3 Depths:4 Depths:5
Abyss: Depths:4
Pandemonium: Depths:3

Annotations:
Elf:2 5 runed doors


Innate Abilities, Weirdness & Mutations

You have a beak for a mouth.
You have claws for feet.
You can fly continuously.


Message History

* * * LOW HITPOINT WARNING * * *
The eidolon hits you but does no damage.
The revenant hits you but does no damage.
The phantasmal warrior hits you.
* * * LOW HITPOINT WARNING * * *
You are engulfed in ghostly flame.
The vampire knight hits you but does no damage.
The vampire knight bites you but does no damage.
The ancient champion hits you but does no damage.
The eidolon hits you but does no damage.
The eidolon hits you.
* * * LOW HITPOINT WARNING * * *
You feel dopey for a moment. The eidolon hits you!
* * * LOW HITPOINT WARNING * * *
The eidolon hits you but does no damage.
The revenant hits you but does no damage.
The ghoul claws you.
* * * LOW HITPOINT WARNING * * *
The ghoul claws you but does no damage. The phantasmal warrior hits you!!
You die...

▓...........
▓.........# ....
▓.........##....
▓...............
▓...............
▓∩........2.....
▓.......VVn*....
▓......WzLLe....
▓....))V8W##..
▓......WnZ#
▓...........§§..
▓▓▓▓▓▓▓▓▓.......
....... .......
....... .......
▓▓▓▓▓▓▓


You could see 2 ghouls, a revenant, a lich, a reaper, 3 vampire knights, 2
eidola, an ancient champion, a deep elf death mage, a phantasmal warrior, a
spectral tengu and a lost soul.

Vanquished Creatures
  the royal jelly (Slime:6)
  3 orbs of fire
  Mennas (Crypt:3)
  3 ancient liches
  Margery (Vaults:3)
  Vashnia (Snake:2)
  3 curse toes
  6 Killer Klowns
  2 caustic shrikes
  24 tentacled monstrosities
  10 golden dragons
  Nikola (Shoals:2)
  3 bone dragons
  Jorgrun (Shoals:2)
  10 liches
  A hellephant (Zot:3)
  A Hell Sentinel (Depths:2)
  An Ice Fiend (Depths:2)
  3 Orb Guardians (Zot:5)
  2 deep elf blademasters (Elf:3)
  Asterion (Vaults:1)
  A titan (Depths:3)
  4 quicksilver dragons
  4 deep elf master archers (Elf:3)
  25 acid blobs
  8 tengu reavers
  3 octopode crushers (Depths:2)
  11 sphinxes
  9 ancient champions
  Frances (Snake:1)
  Kirke (D:14)
  11 shadow dragons
  29 storm dragons
  6 draconian monks
  Roxanne (Elf:1)
  2 revenants
  Ilsuiw (Shoals:4)
  9 fire giants
  10 greater nagas
  The ghost of WhatIsLove the Spry, a mighty KoBe of Trog (Elf:3)
  Wiglaf (Snake:2)
  7 azure jellies
  5 iron dragons
  4 draconian knights
  16 frost giants
  15 ghost moths
  13 vault wardens
  9 deep elf sorcerers
  4 draconian scorchers
  3 curse skulls
  A cacodemon (Depths:3)
  4 orc warlords
  2 draconian shifters
  7 draconian zealots
  An emperor scorpion (Zig:14)
  8 ghouls
  3 draconian annihilators
  17 ironheart preservers
  30 stone giants
  A spriggan defender (Depths:3)
  23 very ugly things
  5 war gargoyles
  7 draconian callers
  6 green draconians
  5 black draconians
  8 deep elf annihilators
  2 deep elf demonologists
  10 yellow draconians
  5 vampire knights
  5 mottled draconians
  8 purple draconians
  8 white draconians
  A lorocyproca (Depths:2)
  7 red draconians
  9 dire elephants
  14 large abominations
  5 eidola
  7 deep elf death magi
  Snorg (Lair:7)
  9 merfolk javelineers
  14 ettins
  A quicksilver dragon zombie (Crypt:3)
  9 merfolk impalers
  6 death oozes (Slime:6)
  5 rakshasas
  The ghost of Fluffy the Cleaver, a powerful HOFi of Okawaru (Orc:3)
  14 hydras
  32 vault guards
  27 fire dragons
  14 deep elf high priests
  8 jiangshi
  Erolcha (Orc:1)
  A minotaur (Lab)
  A great orb of eyes (shapeshifter) (Depths:4)
  21 yaktaur captains
  8 great orbs of eyes
  12 death cobs
  A quicksilver dragon skeleton (Crypt:3)
  18 naga warriors
  A hell beast (Depths:3)
  14 entropy weavers
  17 ice dragons
  A ghost crab (shapeshifter) (WizLab)
  3 catoblepae
  4 spriggan air magi
  4 merfolk avatars
  Erica (D:8)
  3 alligator snapping turtles
  5 merfolk aquamancers (Shoals:4)
  4 death knights
  3 dancing weapons (Elf:2)
  18 centaur warriors
  A satyr (Shoals:3)
  12 anacondas
  7 salamander stormcallers
  23 ogre magi
  4 death yaks (Lair:8)
  A queen ant (Lair:1)
  3 deep troll shamans
  A shock serpent (shapeshifter) (Zig:11)
  9 deep troll earth magi
  A thrashing horror (Zig:2)
  9 tengu warriors
  3 soul eaters
  7 shock serpents
  Urug (Orc:3)
  4 vampire magi (Crypt:2)
  An iron golem (WizLab)
  9 orc high priests
  18 naga sharpshooters
  9 spriggan berserkers
  17 hell knights
  2 storm dragon zombies
  Sonja (D:13)
  10 shadow wraiths
  2 fire crabs
  A sun demon (Depths:2)
  2 wretched stars (Zig:8)
  An iron troll (shapeshifter) (Vaults:5)
  2 salamander mystics (Depths:5)
  A titan skeleton (Crypt:3)
  9 small abominations
  A fire crab (shapeshifter) (Vaults:3)
  7 deep elf knights
  2 storm dragon skeletons (Vaults:3)
  20 flayed ghosts
  43 skeletal warriors
  4 death drakes
  6 unseen horrors
  A swamp dragon (shapeshifter) (WizLab)
  6 wizards
  An unseen horror (shapeshifter) (WizLab)
  18 starcursed masses (Zig:8)
  The ghost of onwiheg the Spear-Bearer, an experienced VSBe of Trog (Lair:1)
  9 necromancers
  A deep troll (shapeshifter) (Depths:2)
  An ice devil (Zot:2)
  22 deep trolls
  3 deep elf summoners
  5 giant orange brains
  17 ironbrand convokers
  An ice statue (Zig:10)
  8 naga ritualists
  A golden dragon skeleton (Crypt:3)
  20 orc knights
  8 harpies
  2 tengu zombies
  4 swamp dragons
  9 hill giants
  8 orc sorcerers
  21 sea snakes
  12 phantasmal warriors
  A sixfirhy (Zig:8)
  12 deep elf conjurers
  7 orb spiders
  A lindwurm (shapeshifter) (Depths:3)
  A manticore (shapeshifter) (WizLab)
  15 mana vipers
  2 human zombies
  2 shadow dragon skeletons (Vaults:3)
  A fire giant zombie (Vaults:2)
  2 sphinx zombies
  2 wolf spider zombies
  An iron dragon zombie (Depths:3)
  An orb spider (shapeshifter) (D:14)
  16 griffons
  A water nymph (shapeshifter) (D:15)
  12 wolf spiders
  17 cyclopes
  74 ugly things
  11 salamanders
  A harpy (shapeshifter) (Elf:3)
  4 oklob plants
  11 fauns
  A faun (shapeshifter) (WizLab)
  A draconian (shapeshifter) (WizLab)
  12 sirens
  2 black mambas (shapeshifter)
  4 water nymphs (Shoals:4)
  23 naga magi
  3 shining eyes
  8 hornets
  12 fire giant skeletons
  2 smoke demons
  A frost giant skeleton (Depths:4)
  2 stone giant skeletons (Crypt:3)
  2 drowned souls (Shoals:4)
  8 guardian serpents
  31 moths of wrath
  24 elephants
  13 manticores
  2 hornets (shapeshifter)
  11 spiny frogs
  An eye of devastation (Slime:5)
  Psyche (D:8)
  25 vault sentinels
  A guardian serpent (shapeshifter) (WizLab)
  A red draconian zombie (Crypt:2)
  A green draconian zombie (Depths:5)
  A spriggan zombie (Depths:2)
  An elf (shapeshifter) (WizLab)
  3 rust devils (Depths:3)
  A kobold demonologist (D:13)
  8 komodo dragons
  A spiny frog (shapeshifter) (Depths:1)
  A dire elephant skeleton (Crypt:3)
  An orange demon (Elf:3)
  3 gargoyles (Crypt:3)
  A redback zombie (D:15)
  61 black mambas
  52 yaktaurs
  2 guardian mummies (Crypt:3)
  8 demonic crawlers
  2 efreet
  An elf (WizLab)
  A queen bee (D:8)
  A spriggan druid (Lair:8)
  18 freezing wraiths
  11 jumping spiders
  A hellwing (Orc:4)
  A yaktaur skeleton (Vaults:4)
  11 fire drakes
  A catoblepas skeleton (Crypt:1)
  3 jumping spiders (shapeshifter)
  A purple draconian skeleton (Crypt:1)
  2 tengu conjurers
  36 two-headed ogres
  A hydra zombie (Crypt:2)
  20 deep elf priests
  6 polar bears
  An iron troll skeleton (Crypt:1)
  5 wind drakes
  3 trolls (shapeshifter) (WizLab)
  20 merfolk
  8 trolls
  A two-headed ogre (shapeshifter) (WizLab)
  5 blue devils
  A sphinx simulacrum (Vaults:2)
  5 boulder beetles
  9 ravens
  69 slime creatures
  19 blink frogs
  A fire dragon zombie (Depths:5)
  A bog body (Crypt:2)
  An ice dragon zombie (Depths:5)
  2 blink frogs (shapeshifter)
  3 spriggans (shapeshifter) (WizLab)
  4 trapdoor spiders
  An ushabti (Crypt:3)
  2 raiju
  28 redbacks
  12 snapping turtles
  3 yaks (shapeshifter)
  9 shadows
  16 wraiths
  An iron dragon simulacrum (Depths:4)
  An ice dragon skeleton (Crypt:3)
  24 yaks
  A trapdoor spider (shapeshifter) (D:14)
  6 spriggans
  5 ettin skeletons
  8 fire dragon skeletons (Crypt:3)
  19 water elementals
  3 vampires
  3 steam dragons
  6 tarantellas
  6 hippogriffs
  A golden eye (shapeshifter) (WizLab)
  24 deep elf magi
  2 neqoxecs
  A wyvern (shapeshifter) (Vaults:2)
  9 hungry ghosts
  5 mottled dragons
  4 basilisks
  9 humans (Zot:3)
  4 wyverns
  5 golden eyes (Slime:1)
  A hog (shapeshifter) (WizLab)
  9 wolves
  21 vampire mosquitoes
  2 chaos spawn
  38 deep elf fighters
  Edmund (D:5)
  29 water moccasins
  A water nymph zombie (Crypt:1)
  39 nagas
  14 porcupines
  A gelid demonspawn zombie (Crypt:2)
  A wolf (shapeshifter) (Zot:2)
  4 wargs
  64 orc warriors
  5 soldier ants (Lair:1)
  Duvessa (D:5)
  5 wasps
  A deep troll skeleton (Vaults:4)
  A hell hound (Depths:3)
  A spider (Zig:9)
  5 swamp drakes
  4 black bears (shapeshifter)
  3 sky beasts
  4 eyes of draining
  4 necrophages
  15 boggarts
  A spider (shapeshifter) (WizLab)
  A manticore zombie (Crypt:3)
  10 black bears
  9 ice beasts
  2 elf skeletons
  73 ogres
  2 phantoms
  33 centaurs
  A snapping turtle skeleton (Crypt:3)
  A fire drake zombie (Crypt:1)
  An ettin simulacrum (Crypt:3)
  A lost soul (Crypt:1)
  3 big kobolds
  2 elf zombies
  A brain worm (D:15)
  13 crocodiles
  16 giant frogs
  A big kobold (shapeshifter) (D:15)
  A water moccasin zombie (D:9)
  A gnoll sergeant (D:8)
  A dryad skeleton (Crypt:2)
  4 human skeletons (Vaults:3)
  13 scorpions
  Dowan (D:5)
  A raiju zombie (Crypt:1)
  A wyvern skeleton (D:7)
  A troll zombie (Crypt:1)
  39 killer bees
  A yak zombie (Crypt:1)
  A troll skeleton (Crypt:3)
  2 electric eels (Lair:6)
  11 wights
  A giant frog zombie (D:5)
  A manticore simulacrum (Crypt:2)
  38 orc priests
  5 crimson imps
  6 centaur zombies
  A wasp zombie (D:9)
  6 centaur skeletons
  5 giant frog skeletons
  31 jellies
  4 hounds
  41 orc wizards
  A hell rat (Elf:3)
  12 iguanas
  A worker ant (shapeshifter) (Vaults:1)
  15 worker ants
  2 iron imps
  A killer bee zombie (Crypt:2)
  2 big kobold zombies (Ossuary)
  18 sheep
  A deep dwarf skeleton (Crypt:2)
  A naga zombie (Crypt:2)
  2 hound skeletons
  12 mummies
  A gnoll (shapeshifter) (D:15)
  14 adders
  16 gnolls
  39 river rats
  5 scorpion zombies (Ossuary)
  9 shadow imps
  A white imp (Orc:3)
  A giant eyeball (shapeshifter) (Elf:3)
  6 giant eyeballs
  2 oozes (Lair:7)
  An adder skeleton (D:8)
  An adder zombie (D:7)
  6 worms
  5 giant geckos
  338 orcs
  A bat skeleton (D:7)
  6 giant cockroaches
  37 goblins
  34 hobgoblins
  14 jackals
  3 ball pythons
  22 bats
  A giant gecko skeleton (D:4)
  6 giant newts
  2 hobgoblin zombies (Ossuary)
  37 kobolds
  A kobold zombie (Ossuary)
  2 orc zombies (Ossuary)
  3 quokkas
  23 rats
  A bush (Lair:7)
  A crawling corpse (Vaults:5)
  18 plants
3628 creatures vanquished.

Vanquished Creatures (collateral kills)
  A rakshasa (Depths:2)
  2 giant orange brains
  An ugly thing (Depths:1)
  2 slime creatures (D:12)
  A gargoyle (Crypt:3)
7 creatures vanquished.

Vanquished Creatures (others)
  The ghost of abixa the Executioner, a mighty HOFE of Makhleb (Shoals:3)
  A tengu reaver (Zig:11)
  A fire giant (Vaults:3)
  A ghost moth (Zot:2)
  A draconian scorcher (Zig:13)
  A draconian zealot (Zig:13)
  An ettin (Zig:11)
  2 deep elf high priests
  A necromancer (Depths:2)
  A vampire mage (Depths:1)
  A ball lightning (Zig:9)
  An ironbrand convoker (Vaults:2)
  2 phantasmal warriors
  A deathcap (Zot:4)
  A frost giant zombie (Vaults:4)
  4 drowned souls
  A yaktaur (Vaults:4)
  3 fire elementals
  A two-headed ogre (Depths:1)
  A troll (D:12)
  A deep elf priest (Vaults:2)
  A slime creature (Depths:2)
  3 water elementals
  3 humans (D:14)
  A deep elf fighter (Vaults:2)
  A tarantella (Zig:9)
  A hippogriff (Shoals:2)
  4 ogres
  10 lost souls
  A sheep (Vaults:2)
  2 orcs
  A hobgoblin (D:11)
  A giant cockroach (D:6)
  A goblin (Orc:4)
  A quokka (D:5)
  3 fungi
  35 plants
97 creatures vanquished.

Grand Total: 3732 creatures vanquished

Notes
Turn   | Place    | Note
--------------------------------------------------------------
     0 | D:1      | inmateoo the Tengu Monk began the quest for the Orb.
     0 | D:1      | Reached XP level 1. HP: 14/14 MP: 2/2
   253 | D:1      | Reached XP level 2. HP: 17/19 MP: 3/3
   405 | D:1      | You fall through a shaft!
   777 | D:2      | Reached XP level 3. HP: 16/23 MP: 4/4
  1066 | D:2      | Reached skill level 5 in Unarmed Combat
  1587 | D:2      | Reached XP level 4. HP: 10/28 MP: 5/5
  2625 | D:3      | Gained mutation: You can fly. [Tengu growth]
  2625 | D:3      | Reached XP level 5. HP: 33/33 MP: 6/6
  2852 | D:3      | Found a bloodstained altar of Trog.
  2902 | D:3      | Reached skill level 6 in Unarmed Combat
  3564 | D:3      | Reached XP level 6. HP: 18/38 MP: 7/7
  5131 | D:4      | Found a deep blue altar of Sif Muna.
  5427 | D:3      | Reached skill level 7 in Unarmed Combat
  5467 | D:3      | Reached XP level 7. HP: 30/44 MP: 8/8
  6045 | D:5      | Entered Level 5 of the Dungeon
  6116 | D:5      | Noticed Edmund
  6152 | D:5      | Reached skill level 5 in Dodging
  6157 | D:5      | Reached skill level 5 in Fighting
  6264 | D:5      | Found a sacrificial altar of Ru.
  6272 | D:5      | Found a sand-covered staircase.
  6280 | Ossuary  | Entered an ossuary
  6538 | Ossuary  | Reached skill level 8 in Unarmed Combat
  6777 | Ossuary  | Reached XP level 8. HP: 29/50 MP: 9/9
  7466 | Ossuary  | Reached skill level 9 in Unarmed Combat
  7705 | D:5      | Found a stormy altar of Qazlal.
  7709 | D:5      | Noticed a water elemental
  7709 | D:5      | Noticed an air elemental
  7709 | D:5      | Noticed a fire elemental
  7760 | D:5      | Noticed Dowan
  7762 | D:5      | Noticed Duvessa
  7794 | D:5      | Killed Dowan
  7849 | D:5      | Killed Duvessa
  7849 | D:5      | Reached XP level 9. HP: 25/56 MP: 10/10
  7939 | D:5      | Reached skill level 10 in Unarmed Combat
  8093 | D:5      | Found a burning altar of Makhleb.
  8095 | D:5      | Found a radiant altar of Vehumet.
  8132 | D:5      | Found a white marble altar of Elyvilon.
  8296 | D:5      | Killed Edmund
  8655 | D:6      | Found a staircase to the Ecumenical Temple.
  8683 | Temple   | Entered the Ecumenical Temple
  8784 | Temple   | Became a worshipper of Cheibriados the Contemplative
  8784 | Temple   | Acquired Cheibriados's first power
  9673 | D:7      | Acquired Cheibriados's second power
  9822 | D:7      | Reached skill level 11 in Unarmed Combat
  9889 | D:7      | Learned a level 3 spell: Spider Form
  9930 | D:7      | Gained mutation: Your magical capacity is low (-10% MP). [mutagenic meat]
  9931 | D:7      | Gained mutation: You expend magic power (3 MP) to strengthen your wands. [mutagenic meat]
  9932 | D:7      | Gained mutation: You have a pair of small horns on your head. [mutagenic meat]
 10151 | D:7      | Reached skill level 1 in Spellcasting
 10245 | D:7      | Reached skill level 1 in Invocations
 10245 | D:7      | Reached XP level 10. HP: 63/63 MP: 11/11
 10259 | D:7      | Reached skill level 1 in Transmutations
 10431 | D:7      | Acquired Cheibriados's third power
 10465 | D:7      | Found a sacrificial altar of Ru.
 10757 | D:8      | Noticed Erica
 10765 | D:8      | Killed Erica
 10768 | D:8      | Noticed Psyche
 10778 | D:8      | Killed Psyche
 10779 | D:8      | Gained mutation: You occasionally shout uncontrollably at your foes. [mutagenic meat]
 10781 | D:8      | Gained mutation: You are resistant to hostile enchantments. [mutagenic meat]
 10809 | D:8      | Acquired Cheibriados's fourth power
 10839 | D:8      | Reached skill level 12 in Unarmed Combat
 10954 | D:8      | Found a staircase to the Lair.
 10958 | D:8      | Reached XP level 11. HP: 67/69 MP: 15/15
 11137 | D:8      | Found a blossoming altar of Fedhas.
 11322 | D:8      | Got a crude dire flail
 11323 | D:8      | Identified the +10 dire flail of Iluinoca {holy, rPois Str+3} (You found it on level 8 of the Dungeon)
 11562 | D:9      | Found Ruthick's Armour Boutique.
 11616 | D:9      | Reached skill level 1 in Maces & Flails
 11745 | D:9      | Found a burning altar of Makhleb.
 11764 | D:9      | Found an opulent altar of Gozag.
 12272 | D:10     | Entered Level 10 of the Dungeon
 12428 | D:10     | Found a staircase to the Orcish Mines.
 12534 | D:10     | Killed an unseen horror
 12581 | D:10     | Found a roughly hewn altar of Beogh.
 12934 | D:11     | Reached skill level 5 in Maces & Flails
 12934 | D:11     | Reached XP level 12. HP: 68/76 MP: 11/17
 12991 | D:11     | Killed an unseen horror
 13350 | D:11     | Reached skill level 10 in Dodging
 13522 | D:11     | Learned a level 4 spell: Passage of Golubria
 13529 | D:11     | Learned a level 6 spell: Invisibility
 13943 | D:12     | Reached skill level 5 in Transmutations
 13943 | D:12     | Reached skill level 5 in Invocations
 14003 | D:12     | Noticed a four-headed hydra
 14012 | D:12     | Killed a four-headed hydra
 14062 | D:12     | Reached skill level 5 in Spellcasting
 14772 | D:13     | Reached XP level 13. HP: 66/82 MP: 9/20
 15224 | D:13     | Reached skill level 10 in Fighting
 15536 | D:13     | Noticed Sonja
 15539 | D:13     | Killed Sonja
 15780 | D:14     | Reached skill level 1 in Translocations
 15990 | D:14     | Found a labyrinth entrance.
 16023 | Lab      | Entered a labyrinth
 16025 | Lab      | Gained mutation: You evolve. [mutagenic meat]
 16027 | Lab      | Gained mutation: You have a pair of horns on your head. [mutagenic meat]
 16882 | Lab      | Noticed a minotaur
 16887 | Lab      | Killed a minotaur
 16916 | Lab      | Identified a +8 rod of clouds (13/13) (You found it in a labyrinth)
 16931 | D:14     | Reached skill level 1 in Evocations
 16932 | D:14     | Noticed Kirke
 16938 | D:14     | Killed Kirke
 16949 | D:14     | Gained mutation: Your natural rate of healing is unusually fast. [evolution]
 16956 | D:14     | Gained mutation: You are clumsy. (Dex -2) [mutagenic meat]
 16961 | D:14     | Found a gate to the Vaults.
 17613 | D:15     | Entered Level 15 of the Dungeon
 17626 | D:15     | Found Quskeh's Distillery.
 17735 | D:15     | Reached skill level 13 in Unarmed Combat
 17739 | D:15     | Found Larghel's Magic Scroll Shop.
 17763 | D:15     | Gained mutation: You can fly continuously. [Tengu growth]
 17763 | D:15     | Reached XP level 14. HP: 60/88 MP: 22/22
 17801 | D:15     | Found a flickering gateway to a bazaar.
 17807 | Bazaar   | Entered a bazaar
 17810 | Bazaar   | Found Ymoseuh's Armour Shop.
 17815 | Bazaar   | Bought the +2 shield "Apades" {*Drain rN+ Regen+ Dex+4} for 285 gold pieces
 17824 | Bazaar   | Found Besu's Magic Scroll Shop.
 17824 | Bazaar   | Found Pusch's Jewellery Boutique.
 17857 | Bazaar   | Found Patilew's Gadget Shop.
 17884 | Bazaar   | Bought an uncursed ring of see invisible for 165 gold pieces
 17884 | Bazaar   | Bought an uncursed amulet of resist corrosion for 220 gold pieces
 18236 | D:15     | Gained mutation: Scrolls take you a little longer to read. [mutagenic meat]
 18308 | D:15     | Found a staircase to the Depths.
 18485 | D:15     | Gained mutation: Your mind is acute. (Int +2) [mutagenic meat]
 18690 | D:15     | Gained mutation: You are partially covered in rugged brown scales (AC +1, +3% HP). [evolution]
 18709 | D:15     | Reached skill level 5 in Evocations
 18924 | D:15     | Reached skill level 5 in Translocations
 19285 | Lair:1   | Entered Level 1 of the Lair of Beasts
 19285 | Lair:1   | Noticed onwiheg's ghost (experienced VSBe)
 19293 | Lair:1   | Killed onwiheg's ghost
 19713 | Lair:1   | Learned a level 5 spell: Blade Hands
 21803 | Lair:3   | Reached XP level 15. HP: 70/97 MP: 24/24
 21809 | Lair:3   | Reached skill level 1 in Shields
 22055 | Lair:3   | Reached skill level 14 in Unarmed Combat
 22306 | Lair:3   | Reached skill level 1 in Armour
 22503 | Lair:4   | Lost mutation: You are clumsy. (Dex -2) [evolution]
 23547 | Lair:5   | Found a shadowy altar of Dithmenos.
 23930 | Lair:6   | Found a staircase to the Snake Pit.
 24038 | Lair:6   | Found a staircase to the Shoals.
 24617 | Lair:7   | Found a staircase to the Slime Pits.
 24691 | Lair:7   | Reached skill level 1 in Hexes
 24775 | Lair:7   | Found a sparkling altar of Nemelex Xobeh.
 25196 | Lair:7   | Noticed Snorg
 25203 | Lair:7   | Killed Snorg
 25482 | Lair:8   | Entered Level 8 of the Lair of Beasts
 25991 | Lair:8   | Reached XP level 16. HP: 103/103 MP: 26/26
 26537 | Lair:8   | Reached skill level 15 in Unarmed Combat
 27050 | Orc:1    | Entered Level 1 of the Orcish Mines
 27050 | Orc:1    | Noticed Erolcha
 27059 | Orc:1    | Killed Erolcha
 27577 | Orc:2    | Found a roughly hewn altar of Beogh.
 28081 | Orc:3    | Noticed Fluffy's ghost (powerful HOFi)
 28091 | Orc:3    | Killed Fluffy's ghost
 28396 | Orc:3    | Noticed Urug
 28400 | Orc:3    | Killed Urug
 28493 | Orc:3    | Learned a level 2 spell: Blink
 28496 | Orc:3    | Learned a level 2 spell: Repel Missiles
 28619 | Orc:4    | Entered Level 4 of the Orcish Mines
 28958 | Orc:4    | Found a roughly hewn altar of Beogh.
 29076 | Orc:4    | Found Ymociaxasch's Magic Scroll Emporium.
 29087 | Orc:4    | Bought a scroll of acquirement for 780 gold pieces
 29089 | Orc:4    | Got a twisted buckler
 29095 | Orc:4    | Identified the +5 buckler of Pride {rCorr MP+9 Str-5 Stlth+} (You acquired it on level 4 of the Orcish Mines)
 29102 | Orc:4    | Found Lamex's Magic Scroll Shoppe.
 29432 | Orc:4    | Found a staircase to the Elven Halls.
 29689 | Orc:4    | Found a roughly hewn altar of Beogh.
 29749 | Orc:4    | Found Diddai's Gadget Emporium.
 29757 | Orc:4    | Reached skill level 5 in Armour
 29799 | Orc:4    | Gained mutation: Scrolls take you longer to read. [a neqoxec]
 29823 | Orc:4    | Found Defod's Distillery.
 29832 | Orc:4    | Bought a potion of cure mutation for 490 gold pieces
 29832 | Orc:4    | Lost mutation: You evolve. [potion of cure mutation]
 29832 | Orc:4    | Lost mutation: You are resistant to hostile enchantments. [potion of cure mutation]
 29832 | Orc:4    | Lost mutation: Your mind is acute. (Int +2) [potion of cure mutation]
 30398 | Elf:1    | Entered Level 1 of the Elven Halls
 30476 | Elf:1    | Got a pair of dazzling gloves
 30504 | Elf:1    | Identified the +3 pair of gloves of the Solstice {+Inv rF- rN+ Dex+3} (You found it on level 1 of the Elven Halls)
 30859 | Elf:1    | Noticed Roxanne
 30880 | Elf:1    | Killed Roxanne
 30880 | Elf:1    | Reached XP level 17. HP: 92/109 MP: 27/27
 30886 | Elf:1    | Identified Roxanne's Disquisition on the Rocks and Moulding (You took it off Roxanne on level 1 of the Elven Halls)
 30895 | Elf:1    | Learned a level 6 spell: Statue Form
 31048 | Elf:1    | Reached skill level 1 in Earth Magic
 31067 | Elf:1    | Reached skill level 5 in Shields
 31376 | Elf:2    | Found a huge runed gate.
 31376 | Elf:2    | Found a huge runed gate.
 31376 | Elf:2    | Found a huge runed gate.
 31376 | Elf:2    | Found a huge runed gate.
 31378 | Elf:2    | Found a huge runed gate.
 31463 | Elf:2    | Gained mutation: You are occasionally teleported to nearby monsters. [mutagenic meat]
 31709 | Elf:3    | Entered Level 3 of the Elven Halls
 31793 | Elf:3    | Got a faintly humming cloak
 31796 | Elf:3    | Identified the +0 cloak "Fyagat" {Regen+} (You acquired it on level 3 of the Elven Halls)
 31817 | Elf:3    | Noticed a deep elf master archer
 31817 | Elf:3    | Noticed a deep elf blademaster
 31817 | Elf:3    | Noticed a deep elf master archer
 31822 | Elf:3    | Killed a deep elf blademaster
 31822 | Elf:3    | Reached skill level 16 in Unarmed Combat
 31823 | Elf:3    | Noticed a deep elf master archer
 31824 | Elf:3    | Killed a deep elf master archer
 31894 | Elf:3    | Noticed WhatIsLove's ghost (mighty KoBe)
 31928 | Elf:3    | Killed WhatIsLove's ghost
 31932 | Elf:3    | Killed a deep elf master archer
 32016 | Elf:3    | Cast into the Abyss (a deep elf sorcerer)
 32039 | Elf:3    | Escaped the Abyss
 32183 | Elf:3    | Found Pethrib's Jewellery Shoppe.
 32194 | Elf:3    | Bought the brooch of Shielding {Ward rN+ AC+4 EV+4} for 1000 gold pieces
 32282 | Elf:3    | Killed a deep elf master archer
 32316 | Elf:3    | Noticed a deep elf master archer
 32321 | Elf:3    | Killed a deep elf master archer
 32456 | Elf:3    | Identified the Papyrus of Assistive Evil Secrets
 32481 | Elf:3    | Got a dazzling chain mail
 32492 | Elf:3    | Identified the +2 chain mail "Oraqomul" {rN+ MP+9} (You found it on level 3 of the Elven Halls)
 32543 | Elf:3    | Learned a level 1 spell: Apportation
 32564 | Elf:3    | Noticed a deep elf blademaster
 32575 | Elf:3    | Killed a deep elf blademaster
 32575 | Elf:3    | Reached XP level 18. HP: 101/115 MP: 29/29
 33476 | Snake:1  | Entered Level 1 of the Snake Pit
 33828 | Snake:1  | Found Ompidodgh's Gadget Shop.
 33836 | Snake:1  | Found Ocidd's Distillery.
 33839 | Snake:1  | Found Cigy's Food Shop.
 33846 | Snake:1  | Bought a potion of cure mutation for 455 gold pieces
 33849 | Snake:1  | Lost mutation: You occasionally shout uncontrollably at your foes. [potion of cure mutation]
 33849 | Snake:1  | Lost mutation: Scrolls take you longer to read. [potion of cure mutation]
 33849 | Snake:1  | Lost mutation: Your natural rate of healing is unusually fast. [potion of cure mutation]
 33849 | Snake:1  | Lost mutation: Your magical capacity is low (-10% MP). [potion of cure mutation]
 34050 | Snake:1  | Noticed Frances
 34057 | Snake:1  | Killed Frances
 34321 | Snake:1  | Found Viekhlax's Book Boutique.
 34752 | Snake:2  | Noticed Wiglaf
 34767 | Snake:2  | Killed Wiglaf
 34969 | Snake:2  | Reached skill level 10 in Transmutations
 35168 | Snake:2  | Reached skill level 5 in Earth Magic
 35184 | Snake:2  | Noticed Vashnia
 35216 | Snake:2  | Killed Vashnia
 35216 | Snake:2  | Reached skill level 17 in Unarmed Combat
 35807 | Snake:3  | Reached XP level 19. HP: 109/121 MP: 33/33
 35938 | Snake:3  | Reached skill level 10 in Spellcasting
 36651 | Snake:4  | Entered Level 4 of the Snake Pit
 36727 | Snake:4  | Got a crude bronze ring
 36730 | Snake:4  | Identified the ring of Poevad {*Drain rElec EV+2 Str+5 SInv} (You found it on level 4 of the Snake Pit)
 37313 | Snake:4  | Gained mutation: Your system is resistant to poisons. [mutagenic meat]
 37314 | Snake:4  | Gained mutation: You are clumsy. (Dex -2) [mutagenic meat]
 37930 | Snake:4  | Found Puughasa's Distillery.
 37945 | Snake:4  | Bought a potion of cure mutation for 770 gold pieces
 37945 | Snake:4  | Lost mutation: Scrolls take you a little longer to read. [potion of cure mutation]
 37945 | Snake:4  | Lost mutation: Your system is resistant to poisons. [potion of cure mutation]
 37945 | Snake:4  | Lost mutation: You are clumsy. (Dex -2) [potion of cure mutation]
 37945 | Snake:4  | Lost mutation: You expend magic power (3 MP) to strengthen your wands. [potion of cure mutation]
 38505 | Snake:4  | Gained mutation: Scrolls take you a little longer to read. [mutagenic meat]
 38506 | Snake:4  | Gained mutation: Your spells are a little harder to cast, but a little more powerful. [mutagenic meat]
 38507 | Snake:4  | Lost mutation: You have a pair of horns on your head. [mutagenic meat]
 38508 | Snake:4  | Gained mutation: You are agile. (Dex +2) [mutagenic meat]
 38509 | Snake:4  | Gained mutation: You are dopey. (Int -2) [mutagenic meat]
 38542 | Snake:4  | Got a serpentine rune of Zot
 38628 | Snake:4  | Bought a potion of mutation for 55 gold pieces
 38628 | Snake:4  | Bought a potion of curing for 66 gold pieces
 38628 | Snake:4  | Bought 2 potions of curing for 132 gold pieces
 38628 | Snake:4  | Bought a potion of curing for 66 gold pieces
 38628 | Snake:4  | Bought a potion of curing for 66 gold pieces
 38628 | Snake:4  | Gained mutation: You are partially covered in large bone plates (AC +2, SH +2). [potion of mutation]
 38628 | Snake:4  | Gained mutation: You are somewhat resistant to further mutation. [potion of mutation]
 38751 | Shoals:1 | Entered Level 1 of the Shoals
 39106 | Shoals:1 | Reached XP level 20. HP: 128/128 MP: 35/35
 39533 | Shoals:2 | Found Rususaet's Jewellery Shop.
 39560 | Shoals:2 | Noticed Nikola
 39587 | Shoals:2 | Noticed Jorgrun
 39594 | Shoals:2 | Killed Jorgrun
 39603 | Shoals:2 | Killed Nikola
 40410 | Shoals:3 | Noticed abixa's ghost (mighty HOFE)
 40438 | Shoals:3 | Killed abixa's ghost
 40438 | Shoals:3 | Reached skill level 18 in Unarmed Combat
 41330 | Shoals:4 | Entered Level 4 of the Shoals
 41620 | Shoals:4 | Found Wiutiab's Gadget Emporium.
 41621 | Shoals:4 | Found Ystrazei's Armour Emporium.
 41661 | Shoals:4 | Reached XP level 21. HP: 133/133 MP: 37/37
 42075 | Shoals:4 | Noticed Ilsuiw
 42086 | Shoals:4 | Killed Ilsuiw
 42628 | Shoals:4 | Got a barnacled rune of Zot
 43408 | Vaults:1 | Entered Level 1 of the Vaults
 43471 | Vaults:1 | Found Dubraf's Distillery.
 43491 | Vaults:1 | Found Fuunnur's Jewellery Emporium.
 43506 | Vaults:1 | Found Zimucizy's Antique Weapon Emporium.
 43598 | Vaults:1 | Noticed Asterion
 43608 | Vaults:1 | Killed Asterion
 43661 | Vaults:1 | Reached XP level 22. HP: 82/140 MP: 38/38
 43684 | Vaults:1 | Reached skill level 10 in Armour
 43795 | Vaults:1 | Reached skill level 15 in Dodging
 44448 | Vaults:1 | Found Rabla Reta's Weapon Boutique.
 44839 | Vaults:2 | Reached skill level 19 in Unarmed Combat
 45289 | Vaults:2 | Found Husoh's Food Boutique.
 45864 | Vaults:3 | Noticed Margery
 45869 | Vaults:3 | Killed Margery
 45993 | Vaults:3 | Reached XP level 23. HP: 89/146 MP: 39/39
 45996 | Vaults:3 | Found a staircase to the Crypt.
 47157 | Vaults:3 | HP: 3/147 [fire giant/great sword of flaming (28)]
 47162 | Vaults:3 | Reached skill level 10 in Earth Magic
 47393 | Vaults:3 | Paralysed by a giant eyeball for 2 turns
 47517 | Vaults:3 | Got an ancient lead amulet
 47520 | Vaults:3 | Identified the amulet "Higuoz" {Inacc *Confuse rPois rC+ rN+} (You found it on level 3 of the Vaults)
 47641 | Vaults:3 | Learned a level 4 spell: Petrify
 48450 | Vaults:4 | Found Onu Jyga's Gadget Boutique.
 48928 | Vaults:5 | Entered Level 5 of the Vaults
 48932 | Vaults:5 | Reached skill level 20 in Unarmed Combat
 48932 | Vaults:5 | Reached XP level 24. HP: 153/153 MP: 35/40
 49764 | Vaults:5 | Reached skill level 15 in Fighting
 50152 | Vaults:5 | Noticed an ancient lich
 50158 | Vaults:5 | Killed an ancient lich
 50224 | Vaults:5 | Identified a +3 rod of shadows (9/9) (You took it off a yaktaur captain on level 5 of the Vaults)
 50279 | Vaults:5 | Got a silver rune of Zot
 50672 | Vaults:5 | Reached XP level 25. HP: 111/159 MP: 40/40
 50786 | Vaults:5 | Found Soagodgh's Book Boutique.
 50816 | Vaults:5 | Bought a book of the Earth for 1235 gold pieces
 50823 | Vaults:5 | Learned a level 6 spell: Iron Shot
 50833 | Vaults:5 | Learned a level 9 spell: Shatter
 51137 | Vaults:5 | Lost mutation: You are agile. (Dex +2) [potion of cure mutation]
 51137 | Vaults:5 | Lost mutation: You are dopey. (Int -2) [potion of cure mutation]
 51137 | Vaults:5 | Lost mutation: Scrolls take you a little longer to read. [potion of cure mutation]
 51137 | Vaults:5 | Lost mutation: You are partially covered in rugged brown scales (AC +1, +3% HP). [potion of cure mutation]
 51512 | Crypt:1  | Entered Level 1 of the Crypt
 52070 | Crypt:1  | Reached skill level 5 in Hexes
 52229 | Crypt:2  | Found a magical portal.
 52241 | WizLab   | Entered Cigotuvi's Fleshworks
 52487 | WizLab   | Paralysed by a giant eyeball for 4 turns
 52494 | WizLab   | Paralysed by a giant eyeball for 4 turns
 52503 | WizLab   | Paralysed by a giant eyeball for 3 turns
 52512 | WizLab   | Paralysed by a giant eyeball for 3 turns
 52539 | WizLab   | Paralysed by a giant eyeball for 3 turns
 52544 | WizLab   | Paralysed by a giant eyeball for 4 turns
 52751 | WizLab   | Reached skill level 21 in Unarmed Combat
 52809 | WizLab   | Identified the Handbook of Earthen Shape Shifting (You found it in a wizard's laboratory)
 52815 | WizLab   | Learned a level 2 spell: Stoneskin
 52817 | WizLab   | Identified Cigotuvi's Handbook of Dark Secrets and Transmutation (You found it in a wizard's laboratory)
 52822 | WizLab   | Learned a level 3 spell: Regeneration
 52920 | WizLab   | Gained mutation: Your body sometimes deteriorates upon taking damage. [potion of mutation]
 52921 | WizLab   | Gained mutation: Armour fits poorly on your strangely shaped body. [potion of mutation]
 52924 | WizLab   | Gained mutation: You are partially covered in icy blue scales (AC +1). [potion of mutation]
 52924 | WizLab   | Lost mutation: You are occasionally teleported to nearby monsters. [potion of mutation]
 52925 | WizLab   | Gained mutation: You are weak. (Str -2) [potion of mutation]
 52925 | WizLab   | Lost mutation: Your spells are a little harder to cast, but a little more powerful. [potion of mutation]
 52941 | WizLab   | Lost mutation: You have a pair of small horns on your head. [potion of cure mutation]
 52941 | WizLab   | Lost mutation: Your body sometimes deteriorates upon taking damage. [potion of cure mutation]
 52942 | WizLab   | Lost mutation: You are somewhat resistant to further mutation. [potion of cure mutation]
 52942 | WizLab   | Lost mutation: You are weak. (Str -2) [potion of cure mutation]
 52942 | WizLab   | Lost mutation: Armour fits poorly on your strangely shaped body. [potion of cure mutation]
 52942 | WizLab   | Lost mutation: You are partially covered in large bone plates (AC +2, SH +2). [potion of cure mutation]
 52942 | WizLab   | Lost mutation: You are partially covered in icy blue scales (AC +1). [potion of cure mutation]
 52943 | WizLab   | Gained mutation: You are partially covered in large bone plates (AC +2, SH +2). [potion of beneficial mutation]
 52944 | WizLab   | Gained mutation: Your mind is acute. (Int +2) [potion of beneficial mutation]
 53746 | Crypt:3  | Entered Level 3 of the Crypt
 53746 | Crypt:3  | Noticed Mennas
 53754 | Crypt:3  | Killed Mennas
 54392 | Crypt:3  | Found a staircase to the Tomb.
 54699 | Crypt:3  | Reached XP level 26. HP: 160/160 MP: 41/41
 54887 | Crypt:3  | Noticed an ancient lich
 54895 | Crypt:3  | Killed an ancient lich
 54928 | Crypt:3  | Found an ancient bone altar of Kikubaaqudgha.
 55007 | Crypt:3  | Got a steaming wooden ring
 55008 | Crypt:3  | Identified the ring "Realupn" {rPois rC+ SInv} (You took it off an ancient champion on level 3 of the Crypt)
 55864 | Slime:1  | Entered Level 1 of the Pits of Slime
 56077 | Slime:6  | Entered Level 6 of the Pits of Slime
 56115 | Slime:6  | Noticed the royal jelly
 56118 | Slime:6  | Killed the royal jelly
 56207 | Slime:6  | Got a jewelled leather armour
 56208 | Slime:6  | Identified the +2 leather armour "Ricoofoetz" {Str+3 Dex+3} (You found it on level 6 of the Pits of Slime)
 56314 | Slime:6  | Got a slimy rune of Zot
 56855 | D:15     | Reached skill level 22 in Unarmed Combat
 56902 | Depths:1 | Entered Level 1 of the Depths
 57003 | Depths:1 | Found a gateway to Hell.
 57172 | Depths:1 | Found Ylaeps's Weapon Shop.
 57420 | Depths:1 | Reached XP level 27. HP: 165/165 MP: 41/41
 57507 | Depths:1 | Paralysed by a giant eyeball for 4 turns
 57939 | Depths:2 | Found a gateway to a ziggurat.
 58310 | Depths:2 | Reached skill level 10 in Evocations
 59021 | Depths:2 | Got a heavily runed platinum ring
 59024 | Depths:2 | Identified the Grimoire of Excruciating Flight
 59038 | Depths:2 | Learned a level 9 spell: Tornado
 59042 | Depths:2 | Identified the ring of Neurosis {rC+ Str+2 Dex+3 Stlth+} (You took it off a yaktaur on level 2 of the Depths)
 59928 | Depths:3 | Found a one-way gate leading to the halls of Pandemonium.
 60026 | Depths:4 | Reached skill level 15 in Spellcasting
 60103 | Depths:4 | Reached skill level 15 in Earth Magic
 60290 | Depths:4 | Found a one-way gate to the infinite horrors of the Abyss.
 60665 | Depths:4 | Got a brightly glowing brass ring
 60666 | Depths:4 | Identified the ring of Ramm {Ice Int+4} (You found it on level 4 of the Depths)
 60761 | Depths:5 | Entered Level 5 of the Depths
 61678 | Depths:5 | Found a gate to the Realm of Zot.
 61854 | Zot:1    | Entered Level 1 of the Realm of Zot
 62500 | Zot:2    | Noticed an orb of fire
 62901 | Zot:2    | Reached skill level 1 in Air Magic
 62929 | Zot:2    | Killed an orb of fire
 62975 | Zot:2    | Reached skill level 5 in Air Magic
 63867 | Zot:4    | Reached skill level 10 in Air Magic
 65457 | Zot:3    | Reached skill level 15 in Air Magic
 65801 | Zot:3    | Got a pair of scorched gloves
 65802 | Zot:3    | Identified the +0 pair of gloves of Limitation {-Tele Int+7 SInv} (You acquired it on level 3 of the Realm of Zot)
 65883 | Zot:5    | Entered Level 5 of the Realm of Zot
 65985 | Zot:5    | Noticed an orb of fire
 65985 | Zot:5    | Noticed an orb of fire
 65985 | Zot:5    | Gained mutation: You tend to lose your temper in combat. [an orb of fire]
 65987 | Zot:5    | Gained mutation: You are frail (-10% HP). [an orb of fire]
 65988 | Zot:5    | Gained mutation: Scrolls take you a little longer to read. [an orb of fire]
 65995 | Zot:5    | Killed an orb of fire
 66003 | Zot:5    | Killed an orb of fire
 66429 | Depths:4 | Lost mutation: You are frail (-10% HP). [potion of cure mutation]
 66429 | Depths:4 | Lost mutation: Scrolls take you a little longer to read. [potion of cure mutation]
 66429 | Depths:4 | Lost mutation: Your mind is acute. (Int +2) [potion of cure mutation]
 66564 | Zig:1    | Entered Level 1 of a ziggurat
 66584 | Zig:2    | Entered Level 2 of a ziggurat
 66630 | Zig:2    | Lost mutation: You tend to lose your temper in combat. [potion of cure mutation]
 66630 | Zig:2    | Lost mutation: You are partially covered in large bone plates (AC +2, SH +2). [potion of cure mutation]
 66634 | Zig:3    | Entered Level 3 of a ziggurat
 66658 | Zig:4    | Entered Level 4 of a ziggurat
 66711 | Zig:4    | Learned a level 5 spell: Phase Shift
 66719 | Zig:5    | Entered Level 5 of a ziggurat
 66767 | Zig:6    | Entered Level 6 of a ziggurat
 66798 | Zig:6    | Got a smoking granite ring
 66799 | Zig:6    | Identified the ring of Intercession {SustAb Int+5 Stlth+} (You found it on level 6 of a ziggurat)
 66806 | Zig:7    | Entered Level 7 of a ziggurat
 66829 | Zig:7    | Identified Sif Muna's Reference Book on Damage Dealing
 66840 | Zig:7    | Got a translucent buckler
 66841 | Zig:7    | Identified the +6 buckler of Mumblety Peg {+Fly Regen+} (You found it on level 7 of a ziggurat)
 66846 | Zig:8    | Entered Level 8 of a ziggurat
 66975 | Zig:8    | Paralysed by accursed screaming for 2 turns
 67101 | Zig:9    | Entered Level 9 of a ziggurat
 67168 | Zig:10   | Entered Level 10 of a ziggurat
 67183 | Zig:10   | Noticed an ancient lich
 67189 | Zig:10   | Killed an ancient lich
 67232 | Zig:10   | Got a pair of ancient gloves
 67233 | Zig:10   | Identified the cursed -2 pair of gloves "Yneskulae" {+Inv rElec MP-9} (You found it on level 10 of a ziggurat)
 67244 | Zig:11   | Entered Level 11 of a ziggurat
 67300 | Zig:11   | Got a clouded platinum ring
 67301 | Zig:11   | Identified the ring of Cune {rElec rN+ Int+4} (You found it on level 11 of a ziggurat)
 67306 | Zig:12   | Entered Level 12 of a ziggurat
 67378 | Zig:12   | Got a twitching platinum ring
 67379 | Zig:12   | Identified the ring of Qeanic {Wiz rElec rC- Stlth+} (You found it on level 12 of a ziggurat)
 67390 | Zig:13   | Entered Level 13 of a ziggurat
 67414 | Zig:13   | Reached skill level 23 in Air Magic
 67497 | Zig:14   | Entered Level 14 of a ziggurat
 67590 | Zig:15   | Entered Level 15 of a ziggurat
 67606 | Zig:15   | Paralysed by a vampire knight for 3 turns
 67626 | Zig:15   | Paralysed by a vampire knight for 5 turns
 67628 | Zig:15   | Slain by a phantasmal warrior

Vault maps used:
D:1:      evilmike_arrival_rings
D:3:      lemuel_crystal_altar
D:4:      first_bread, lemuel_blue_sif_altar
D:5:      grunt_temple_overflow_lords_of_destruction, elyvilon_altar_4,
          nicolae_overflow_hidden_temple, nicolae_qazlal_style_of_elements,
          enter_ossuary_5, uniq_edmund, uniq_duvessa
D:6:      lemuel_ice_spiral_2, minmay_temple_entry_trees,
          hangedman_decor_slide_cut, corexii_shack
D:7:      nicolae_ru_sacrificial_ziggurat
D:8:      fedhas_bush_and_centaur_altar, grunt_lair_entry_elf_guard_hut,
          david_nohive_1, minmay_misc_feat_tiny, uniq_erica, uniq_psyche
D:9:      grunt_gozag_breadcrumbs, serial_shops, shop, david_defended_altar_elf
D:10:     minmay_orc_entry_temple_small
D:13:     kennysheep_generic_room_7, uniq_sonja
D:14:     david_vaults_2, minmay_misc_feat_roman, lab_entry_generic, uniq_kirke
D:15:     gammafunk_enter_depths_forms, minmay_misc_feat_hallway, serial_shops,
          bzr_entry_safe, shop, shop
Temple:   roderic_octagonal_lattice_temple
Lair:1:   beast_lair_carwin_large_3, wad_woods_antlair
Lair:2:   infiniplex_staircase_pool_2
Lair:3:   grunt_forest_large_clearing_hut
Lair:4:   st_stairs_10
Lair:5:   beast_lair_carwin_large_1, basic_altar, st_stairs_10,
          lemuel_fruit_fields
Lair:6:   elwin_shoals_entry_rocks, minmay_snake_entry_six_corridors,
          serial_bayou_shore_a
Lair:7:   minmay_slime_entry_jelly_boxes, basic_altar, minmay_lair_oklob_bushes,
          uniq_snorg
Lair:8:   due_jungle_book, small_statue_intersection, kilobyte_rumbling_trees
Shoals:2: serial_shops, nicolae_shop_trees, uniq_nikola, uniq_jorgrun
Shoals:4: serial_shops, shop, shop, shoals_end_simple, shoal_ilsuiw,
          nicolae_shoals_seven_spires
Snake:1:  cheibrodos_snake_ritualist_ritual, serial_shops, shop, shop, shop,
          shop, uniq_frances
Snake:2:  hangedman_cross_veins, uniq_wiglaf, uniq_vashnia
Snake:4:  grunt_snake_rune_pools, serial_shops, shop
Slime:2:  cheibrodos_slime_lost_civilization_7
Slime:4:  nicolae_slime_barrier
Slime:6:  uniq_dissolution
Orc:1:    uniq_erolcha
Orc:2:    basic_altar
Orc:3:    nicolae_orc_pool_cavern, abandoned_shop, hangedman_minor_magic,
          uniq_urug
Orc:4:    pubby_orc_utopia
Elf:1:    kennysheep_underground_church, uniq_roxanne
Elf:3:    minmay_elf_hall_circle, serial_shops, nicolae_shop_window_shopping,
          minivault_16
Vaults:1: vaults_mumra_hexcomb, v_misc_2, nicolae_vaults_circle_grid_b,
          v_pattern_5, v_rooms_3, hangedman_vaults_hard_town_square,
          ontoclasm_vaults_hangar, grunt_vaults_focal,
          nicolae_vaults_circle_grid_b, hangedman_vaults_corner,
          nicolae_vaults_circle_grid_a, nicolae_vaults_alarming,
          grunt_vaults_hallway_long, serial_shops, shop, uniq_asterion
Vaults:2: hangedman_vaults_nails, hangedman_vaults_nodes,
          vaults_mumra_minichess, v_alt_pattern_1, vaults_mumra_hex,
          nicolae_vaults_ninety_degrees, v_rooms_4, nicolae_vaults_shelves_hall,
          nicolae_vaults_murderbox, nicolae_vaults_little_squares_6,
          ontoclasm_vaults_decontamination, serial_shops, shop
Vaults:3: hangedman_vaults_variations, st_greater_box_2,
          minmay_crypt_entry_skeletal_spiral, vaults_mumra_lcd, v_misc_4,
          nicolae_vaults_little_ls, nicolae_vaults_little_squares_2,
          vaults_dpeg_diagonal, uniq_margery
Vaults:4: nicolae_vaults_mini_display_case, nicolae_vaults_sealed_display,
          vaults_room_corners, nicolae_vaults_twisting_passages, v_misc_27,
          v_misc_2, v_alt_pattern_1, vaults_room_pool, vaults_dpeg_spiral,
          vaults_dpeg_encased_lava, serial_shops, shop
Crypt:1:  minivault_25, st_stairs_7
Crypt:2:  mu_enter_wizlab_4
Crypt:3:  quadcrypt_mu, uniq_mennas
Depths:1: serial_shops, shop_fountains, hell_entry, spider_trap,
          onia_ninara_cookie, serial_bayou_shore_b,
          infiniplex_staircase_pool_lava, kennysheep_random_hallway
Depths:2: minmay_haunted_quarter, enter_ziggurat_c, hell_entry,
          infiniplex_staircase_door_maze
Depths:3: minmay_textured_paths, grunt_mini_vestibule, rand_demon_pan_entry_1,
          hangedman_decor_clover_reticule, serial_sigils,
          serial_sigils_hangedman_leer, serial_sigils_hangedman_gut,
          serial_sigils_hangedman_scar, serial_sigils_hangedman_quiver,
          serial_sigils_hangedman_quiver, serial_bayou_shore_b
Depths:4: evilmike_pillar_path, corexii_leaking_fountain, abyss_entry,
          hell_entry, infiniplex_staircase_split_hallway
Depths:5: evilmike_zot_entry_argh, hell_entry,
          hangedman_abyss_or_decor_lesser_grid, serial_bayou_shore_b,
          grunt_megastairs_2
Zot:2:    hangedman_zot_vaults_quadrants, evilmike_ambush
Zot:3:    circus_mu, lemuel_elevator
Zot:4:    grunt_deathspiral_small
Zot:5:    lemuel_lake_of_fire
Zig:11:   ziggurat_pillar_centre_oklobs
Bazaar:   bazaar_jpeg_honeycomb
Ossuary:  ossuary_minmay_scorpions
WizLab:   wizlab_cigotuvi

Action                   |  1- 3 |  4- 6 |  7- 9 | 10-12 | 13-15 | 16-18 | 19-21 | 22-24 | 25-27 || total
-------------------------+-------+-------+-------+-------+-------+-------+-------+-------+-------++-------
Melee: Unarmed           |   131 |    45 |       |       |    38 |  1108 |  1175 |  1179 |  3251 ||  6927
       Flail             |       |    49 |   198 |       |       |       |       |       |       ||   247
       Whip              |       |    63 |   274 |   559 |       |       |       |       |       ||   896
       Dagger            |       |    54 |     8 |       |       |       |       |       |       ||    62
       Dire flail        |       |       |       |     5 |   832 |   295 |       |       |       ||  1132
       Staff             |       |       |       |       |       |       |       |       |     1 ||     1
Throw: Throwing net      |       |       |       |     1 |       |     2 |       |       |       ||     3
 Cast: Blade Hands       |       |       |       |       |     3 |    32 |    12 |    38 |     5 ||    90
       Repel Missiles    |       |       |       |       |       |     9 |    12 |    10 |    11 ||    42
       Passage of Golubr |       |       |       |       |       |     1 |       |       |       ||     1
       Statue Form       |       |       |       |       |       |     1 |       |     2 |    89 ||    92
       Petrify           |       |       |       |       |       |       |       |     2 |       ||     2
       Stoneskin         |       |       |       |       |       |       |       |       |     9 ||     9
       Regeneration      |       |       |       |       |       |       |       |       |    36 ||    36
       Tornado           |       |       |       |       |       |       |       |       |    11 ||    11
       Apportation       |       |       |       |       |       |       |       |       |     1 ||     1
       Invisibility      |       |       |       |       |       |       |       |       |     1 ||     1
Invok: Slouch            |       |       |       |    17 |     6 |    18 |    12 |    22 |    17 ||    92
       Step From Time    |       |       |       |       |       |       |     1 |       |       ||     1
       Temporal Distorti |       |       |       |       |       |       |       |     6 |     1 ||     7
 Abil: Fly               |       |       |       |       |     1 |     1 |     2 |       |     5 ||     9
       Stop Flying       |       |       |       |       |     1 |     1 |     2 |       |     5 ||     9
Evoke: Wand              |       |       |     1 |     5 |    15 |     8 |     1 |     1 |    15 ||    46
       Rod               |       |       |       |       |     4 |     1 |       |       |       ||     5
       Phial of floods   |       |       |       |       |       |       |     1 |     1 |     2 ||     4
       Lamp of fire      |       |       |       |       |       |       |       |       |     3 ||     3
       Staff of Wucad Mu |       |       |       |       |       |       |       |       |    10 ||    10
  Use: Scroll            |     6 |    11 |     4 |    10 |    17 |    12 |     7 |     6 |    36 ||   109
       Potion            |       |     1 |     5 |       |       |     6 |     6 |     7 |    35 ||    60
 Stab: Sleeping          |     4 |     5 |    14 |     8 |    17 |    22 |     1 |       |     6 ||    77
       Invisible         |       |       |     2 |       |       |       |       |    11 |     7 ||    20
       Distracted        |       |       |     1 |     4 |     2 |     4 |     1 |     3 |     5 ||    20
       Paralysed         |       |       |       |     3 |     2 |       |       |       |       ||     5
       Petrified         |       |       |       |       |       |       |       |     3 |       ||     3
       Fleeing           |       |       |       |       |       |       |       |       |     1 ||     1
  Eat: Chunk             |     2 |    10 |    10 |    18 |    15 |     4 |    11 |     2 |       ||    72
       Meat ration       |       |     1 |     1 |       |     1 |     2 |     4 |     4 |     5 ||    18
       Royal jelly       |       |       |       |       |     8 |       |       |       |     4 ||    12
       Pizza             |       |       |       |       |     1 |     1 |       |     2 |     8 ||    12
       Fruit             |       |       |       |       |     3 |    20 |     3 |       |     7 ||    33
       Beef jerky        |       |       |       |       |     3 |     1 |       |     1 |     3 ||     8
